Map: Scythe of Amon

Players

MacWeDweed

  • Race: Protoss Protoss
  • Spawn Location: 5:00

Takker

  • Race: Protoss Protoss
  • Spawn Location: 5:00

VOD

Have the link to the VOD?

Description

Time

  • Played on: May 17, 2019, 2:14 p.m.
  • Length: 21:54
Show
View Real Time Build Order
Export as new Build Order

MacWeDweed Protoss 

Build Orders:  

Get SALT Encoding   

  12  0:00  Probe (Chrono Boost)  
  13  0:12  Probe (Chrono Boost)  
  14  0:28  Probe (Chrono Boost)  
  14  0:30  Pylon  
  15  0:53  Probe (Chrono Boost)  
  16  1:01  Gateway  
  8  1:10  Probe (Chrono Boost)  
  16  1:13  Assimilator  
  17  1:22  Probe (Chrono Boost)  
  17  1:23  Assimilator  
  18  1:34  Probe (Chrono Boost)  
  19  1:46  Probe (Chrono Boost)  
  20  1:58  Probe (Chrono Boost)  
  21  2:10  Probe (Chrono Boost)  
  21  2:14  Cybernetics Core  
  22  2:30  Pylon  
  22  2:31  Probe (Chrono Boost)  
  23  2:50  Sentinel  
  23  2:52  Probe (Chrono Boost)  
  23  2:59  Pylon  
  26  3:13  Warp Gate  
  26  3:14  Stargate  
  26  3:23  Sentinel  
  26  3:27  Probe (Chrono Boost)  
  29  3:52  Protoss Air Weapons Level 1  
  29  3:57  Robotics Facility  
  29  4:36  Fleet Beacon  
  29  5:04  Pylon  
  29  5:08  Pylon  
  29  5:11  Pylon  
  29  5:17  Sentinel  
  31  5:30  Carrier  
  31  5:56  Gateway x2  
  31  5:59  Gateway  
  37  6:41  Immortal  
  37  6:44  Twilight Council  
  37  6:50  Forge, Probe (Chrono Boost)  
  36  7:02  Probe (Chrono Boost)  
  37  8:24  Carrier  
  39  9:13  Sentinel  
  39  9:14  Sentinel x3  
  47  10:08  Pylon  
  47  10:09  Carrier  
  47  10:10  Nexus  
  53  10:34  Sentinel x2  
  53  10:36  Sentinel  
  59  10:56  Photon Cannon  
  59  11:01  Sentinel  
  61  11:49  Photon Cannon  
  61  11:53  Assimilator  
  61  11:55  Probe x2 (Chrono Boost)  
  61  11:56  Carrier  
  61  11:59  Assimilator  
  63  12:07  Probe x2 (Chrono Boost)  
  64  12:19  Probe x2 (Chrono Boost)  
  67  12:31  Probe x2 (Chrono Boost)  
  67  12:35  Probe x2 (Chrono Boost)  
  67  12:37  Probe x2 (Chrono Boost)  
  63  13:01  Solar Efficiency Level 1  
  63  13:21  Carrier  
  69  14:45  Sentinel x2  
  69  14:46  Sentinel x2  
  77  15:01  Protoss Air Weapons Level 2  
  77  15:15  Sentinel  
  77  15:16  Sentinel x3  
  85  15:27  Pylon  
  85  15:28  Pylon  
  85  15:31  Pylon  
  85  15:33  Pylon  
  85  15:35  Probe (Chrono Boost), Pylon  
  86  15:49  Carrier  
  96  15:50  Probe (Chrono Boost)  
  85  16:00  Sentinel x3  
  85  16:01  Sentinel  
  85  16:02  Probe (Chrono Boost)  
  85  16:09  Carrier  
  92  16:14  Probe (Chrono Boost)  
  93  16:26  Probe (Chrono Boost)  
  96  17:07  Sentinel x2  
  96  17:08  Sentinel x2  
  94  17:46  Carrier  
  92  18:19  Protoss Ground Weapons Level 1  
  86  18:23  Sentinel x4  
  94  18:35  Charge  
  94  19:10  Sentinel x4  
  94  19:11  Carrier  
  102  19:43  Sentinel  
  102  19:44  Sentinel  
  102  19:45  Sentinel x2  
  114  20:41  Sentinel x2  
  114  20:42  Sentinel x2  
  100  21:24  Sentinel x2  
  100  21:25  Sentinel x2  
Show
View Real Time Build Order
Export as new Build Order

Takker Protoss 

Build Orders:  

Get SALT Encoding   

  12  0:01  Probe (Chrono Boost)  
  13  0:13  Probe (Chrono Boost)  
  14  0:26  Probe (Chrono Boost)  
  15  0:38  Probe (Chrono Boost)  
  16  0:56  Probe (Chrono Boost)  
  17  1:01  Xel'Naga Passageway  
  17  1:08  Probe (Chrono Boost)  
  18  1:22  Probe (Chrono Boost)  
  19  1:34  Probe (Chrono Boost)  
  20  1:43  Xel'Naga Passageway  
  20  1:46  Probe (Chrono Boost)  
  21  1:58  Probe (Chrono Boost)  
  22  2:13  Core Forge  
  22  2:17  Xel'Naga Ambusher  
  24  2:45  Probe (Chrono Boost)  
  25  2:57  Probe (Chrono Boost)  
  26  3:20  Xel'Naga Passageway  
  26  3:42  Tesseract Cannon  
  26  3:52  Constructs Facility  
  26  4:07  Probe (Chrono Boost)  
  26  4:08  Xel'Naga Ambusher x2  
  27  4:19  Probe (Chrono Boost)  
  32  4:45  Xel'Naga Shieldguard x2  
  32  4:49  Void Shrine  
  32  4:56  Xel'Naga Watcher  
  37  5:17  Xel'Naga Shieldguard  
  39  5:42  Xel'Naga Ambusher  
  39  5:43  Xel'Naga Shieldguard  
  43  6:12  Xel'Naga Ambusher  
  43  6:16  Xel'Naga Shieldguard  
  47  6:33  Zoraya Legion  
  47  6:53  Xel'Naga Watcher  
  47  7:50  Void Templar, Xel'Naga Ambusher  
  47  7:51  Xel'Naga Ambusher  
  53  8:13  Xel'Naga Watcher  
  54  8:52  Xel'Naga Ambusher  
  54  8:54  Xel'Naga Ambusher  
  54  8:55  Xel'Naga Ambusher  
  60  10:28  Ancient Nexus  
  60  10:43  Tesseract Cannon  
  60  10:49  Tesseract Cannon  
  60  10:51  Tesseract Cannon  
  60  10:55  Xel'Naga Ambusher  
  56  12:24  Probe (Chrono Boost)  
  56  12:29  Xel'Naga Ambusher  
  57  12:32  Xel'Naga Shieldguard  
  57  12:34  Probe (Chrono Boost), Void Templar  
  57  12:36  Probe (Chrono Boost)  
  57  12:38  Probe (Chrono Boost)  
  58  12:41  Probe (Chrono Boost)  
  58  12:42  Probe (Chrono Boost)  
  58  12:44  Probe (Chrono Boost)  
  58  12:46  Probe (Chrono Boost)  
  64  13:03  Xel'Naga Ambusher  
  54  13:49  Xel'Naga Ambusher x2  
  52  13:50  Xel'Naga Shieldguard  
  52  14:22  Xel'Naga Shieldguard  
  52  14:46  Xel'Naga Enforcer  
  54  15:25  Void Templar, Xel'Naga Ambusher  
  54  15:26  Xel'Naga Shieldguard  
  54  15:32  Probe (Chrono Boost)  
  61  15:44  Probe (Chrono Boost)  
  60  16:15  Xel'Naga Ambusher x2  
  60  16:16  Xel'Naga Shieldguard  
  66  16:40  Xel'Naga Enforcer  
  66  16:48  Void Templar  
  70  16:52  Void Templar  
  74  17:10  Zoraya Legion  
  70  18:19  Xel'Naga Ambusher  
  70  18:20  Xel'Naga Enforcer  
  74  19:04  Xel'Naga Ambusher x2  
  74  19:07  Xel'Naga Enforcer  
  80  19:48  Xel'Naga Shieldguard  
  78  19:55  Xel'Naga Enforcer  
  83  20:15  Xel'Naga Ambusher  
  85  20:38  Zoraya Legion  
  85  20:46  Xel'Naga Watcher  
Tags
 
Commander
KaraxZeratul
Matchup
Co-op
Replay Pack
Up to May 28th
Add a new tag
Caveats
  • Supply blocks, unpowered buildings, or Contaminate may cause inaccurate times.
  • Supply counts are checked every 10 seconds.